 Dungeon Crawl Stone Soup version 0.27-a0-1136-g0b992a5a9d (webtiles) character file.

Game seed: 15200054928731165287

166318 leviel the Spry (level 17, 0/160 HPs)
             Began as a Minotaur Berserker on May 4, 2021.
             Was a High Priest of Trog.
             Drowned by a quicksilver ooze (9 damage)
             ... on level 1 of the Pits of Slime on May 5, 2021.
             The game lasted 01:09:00 (32160 turns).

leviel the Spry (Minotaur Berserker)               Turns: 32160, Time: 01:09:01

Health: 0/160      AC: 18    Str: 30    XL:     17   Next: 4%
Magic:  1/16       EV: 15    Int:  1    God:    Trog [*****.]
Gold:   2084       SH:  0    Dex: 12    Spells: 16/16 levels left

rFire    . . .     SeeInvis +   a - +7 war axe of Dytaada {vorpal, Fly Str+4}
rCold    . . .     Faith    .   v - +1 kite shield of Joy {+Blink rElec Int-2 SInv}
rNeg     . . .     Spirit   .   I - +1 plate armour
rPois    .         Reflect  .   (helmet restricted)
rElec    +         Harm     .   (no cloak)
rCorr    +         Rampage  +   K - +0 pair of gloves
Will     +....                  (no boots)
Stlth    ..........             o - amulet of Fatigue {Contam Rampage Regen+ Int-2 Stlth+}
HPRegen  1.36/turn              U - ring of resist corrosion
MPRegen  0.15/turn              A - +4 ring of slaying

@: confused, engulfed (cannot breathe), flying
A: horns 2, retaliatory headbutt
}: 1/15 runes: gossamer
a: Renounce Religion, Evoke Blink, Berserk, Trog's Hand, Brothers in Arms


You were on level 1 of the Pits of Slime.
You worshipped Trog.
Trog was extremely pleased with you.
You visited 5 branches of the dungeon, and saw 28 of its levels.
You visited the Abyss 1 time.

You collected 3689 gold pieces.
You spent 1605 gold pieces at shops.

Inventory:

Hand Weapons
 a - the +7 war axe of Dytaada (weapon) {vorpal, Fly Str+4}
   (You found it on level 2 of the Lair of Beasts)

   It inflicts extra damage upon your enemies.
   It affects your strength (+4).
   It grants you flight.
 e - a +2 broad axe of flaming
 h - the +9 dagger of Dullness {freeze, *Slow rElec rN++ MP-9 SInv}
   (You found it on level 4 of the Dungeon)

   It has been specially enchanted to freeze those struck by it, causing extra
   injury to most foes and up to half again as much damage against particularly
   susceptible opponents.
   It can also slow down cold-blooded creatures.
   It insulates you from electricity.
   It greatly protects you from negative energy.
   It affects your magic capacity (-9).
   It lets you see invisible.
   It may slow you when you take damage.
 j - a +0 vorpal hand axe
 L - a +6 battleaxe of flaming
Missiles
 p - 18 curare-tipped darts
 C - 7 poisoned darts (quivered)
Armour
 v - the +1 kite shield of Joy (worn) {+Blink rElec Int-2 SInv}
   (You took it off Donald on level 1 of the Spider Nest)

   It affects your intelligence (-2).
   It insulates you from electricity.
   It lets you see invisible.
   It lets you blink.
 I - a +1 plate armour (worn)
 K - a +0 pair of gloves (worn)
 O - a +2 kite shield
Jewellery
 f - a ring of see invisible
 o - the amulet of Fatigue (around neck) {Contam Rampage Regen+ Int-2 Stlth+}
   (You acquired it on level 8 of the Dungeon)

   [amulet of regeneration]

   It affects your intelligence (-2).
   It causes magical contamination when unequipped.
   It increases your rate of health regeneration.
   It bestows one free step when moving towards enemies.
   It makes you more stealthy.
 s - a ring of protection from fire
 w - a +4 ring of evasion
 A - a +4 ring of slaying (right hand)
 F - an amulet of the acrobat
 P - an amulet of reflection
 U - a ring of resist corrosion (left hand)
Wands
 q - a wand of polymorph (52)
 x - a wand of mindburst (31)
 y - a wand of charming (8)
 B - a wand of acid (15)
 D - a wand of digging (12)
 E - a wand of iceblast (37)
 G - a wand of flame (106)
 H - a wand of paralysis (37)
Scrolls
 g - 5 scrolls of teleportation
 k - 21 scrolls of identify
 r - a scroll of silence
 z - 2 scrolls of summoning
 J - a scroll of brand weapon
 N - a scroll of fear
 Q - 2 scrolls of blinking
 R - a scroll of enchant armour
Potions
 b - 6 potions of might
 c - 7 potions of haste
 d - 4 potions of heal wounds
 i - 4 potions of invisibility
 m - 5 potions of lignification
 t - 7 potions of curing
 u - 5 potions of mutation
 S - a potion of berserk rage
 T - 4 potions of ambrosia
 V - 5 potions of resistance
Miscellaneous
 l - a tin of tremorstones (2/2)
 n - a box of beasts
 W - a piece from Xom's chessboard (15/15)


   Skills:
 - Level 16.6 Fighting
 - Level 18.0 Axes
 - Level 13.3 Armour
 - Level 19.6 Dodging
 + Level 12.4 Shields
 - Level 3.4 Evocations


You had 16 spell levels left.
You didn't know any spells.
Your spell library was empty.

Dungeon Overview and Level Annotations

Branches:
Dungeon (15/15)            Temple (0/1) D:4            Lair (6/6) D:8
  Swamp (0/4) Lair:4       Spider (4/4) Lair:3        Slime (1/5) Lair:6
    Orc (2/2) D:10            Elf (0/3) Orc:2        Vaults (0/5) D:13
 Depths (0/5) D:15

Altars:
Cheibriados
Hepliaklqana
Ru
Trog
Uskayaw
Vehumet
Xom

Shops:
D:3 :**(*   D:10 !*!   Orc:2 (=(*

Annotations:
D:14 1 runed translucent door, Sobieck's ghost, journeyman DDBe
Lair:3 2 transporters


Innate Abilities, Weirdness & Mutations

You have a pair of horns on your head.
You reflexively headbutt those who attack you in melee.


Message History

Your lungs strain for air!
The golden eye blinks!
The quicksilver ooze closely misses you. x2
The golden eye blinks at you.
You are more confused.
You feel yourself speed up.
* * * LOW HITPOINT WARNING * * *
Your lungs strain for air!
The quicksilver ooze barely misses you. x2
The quicksilver ooze closely misses you. x2
The golden eye blinks!
Your magical effects are unravelling.
You feel magically purged.
You feel yourself slow down.
* * * LOW HITPOINT WARNING * * *
Your lungs strain for air!
You feel less confused. The quicksilver ooze hits you!!
* * * LOW HITPOINT WARNING * * *
The quicksilver ooze barely misses you.
You feel much better.
* * * LOW HITPOINT WARNING * * *
Your lungs strain for air!
The quicksilver ooze hits you.
You block the quicksilver ooze's attack.
The golden eye blinks at you. You resist with some effort.
You block the quicksilver ooze's attack. x2
You completely miss the quicksilver ooze.
The quicksilver ooze is lightly wounded.
* * * LOW HITPOINT WARNING * * *
Your lungs strain for air!
The golden eye blinks at you.
You are confused.
The quicksilver ooze hits you.
* * * LOW HITPOINT WARNING * * *
The quicksilver ooze misses you.
Your magical effects are unravelling.
You feel magically purged.
You die...

.. .......# ....
#.....
....###...#####
.....#.....#..##
...............#
.......<......#
..............#
.#..#.JG..#....#
## ##.@.###.....
#.....# ......
#.............
##......#.....
####.### ... ##


You could see a quicksilver ooze and a golden eye.

Vanquished Creatures
  Arachne (Spider:1)
  An acid blob (Slime:1)
  Donald (Spider:1)
  3 ghost moths (Spider:4)
  3 emperor scorpions
  An ophan (Abyss:1)
  A very ugly thing (Abyss:1)
  Azrael (Spider:3)
  A lorocyproca (Abyss:1)
  A spark wasp (Spider:4)
  4 entropy weavers
  Snorg (Orc:1)
  Harold (D:8)
  3 vault guards (D:13)
  2 boulder beetles
  An ogre mage (D:13)
  3 hydras
  5 two-headed ogres
  A centaur warrior (D:13)
  3 orc high priests (Orc:2)
  Urug (Orc:1)
  3 thrashing horrors (Abyss:1)
  A storm dragon zombie (Abyss:1)
  Sonja (Lair:5)
  A skeletal warrior (D:15)
  A golden dragon zombie (D:15)
  A wizard (Abyss:1)
  2 bog bodies (Lair:4)
  A phantasmal warrior (D:15)
  A necromancer (D:15)
  21 orb spiders
  An orc sorcerer (D:13)
  3 manticores
  A fire giant zombie (Abyss:1)
  7 ugly things (D:14)
  A shining eye (Slime:1)
  5 orc knights
  2 slime creatures (D:12)
  37 wolf spiders
  2 cyclopes
  11 elephants
  An iron dragon skeleton (D:15)
  An apocalypse crab (Abyss:1)
  3 smoke demons (Abyss:1)
  A rust devil (Abyss:1)
  8 black mambas
  A guardian serpent (shapeshifter) (D:14)
  A guardian serpent (Lair:6)
  17 cane toads
  A gargoyle (D:13)
  6 torpor snails
  2 unseen horrors
  A dire elephant skeleton (Abyss:1)
  12 rime drakes
  7 komodo dragons
  A guardian mummy (D:15)
  14 demonic crawlers
  A hellwing (Abyss:1)
  An ancient zyme (Abyss:1)
  38 jumping spiders
  6 trolls
  A wolf spider simulacrum (D:15)
  7 hornets
  8 blink frogs
  A deep troll zombie (D:15)
  4 raiju (Abyss:1)
  A raiju (shapeshifter) (Abyss:1)
  4 dream sheep (Lair:6)
  81 redbacks
  2 vampires (D:12)
  15 yaks
  22 wyverns
  A wyvern (shapeshifter) (D:14)
  2 ynoxinuls (Abyss:1)
  3 fire elementals (Spider:3)
  8 spriggans (Lair:2)
  31 tarantellas
  3 wraiths
  A golden eye (Slime:1)
  12 vampire mosquitoes
  6 basilisks
  A human (D:13)
  8 steam dragons (Lair:3)
  2 wargs (Orc:1)
  A tengu zombie (D:15)
  3 small abominations (Abyss:1)
  An acid dragon (D:10)
  4 hell hounds (Spider:3)
  28 water moccasins
  19 orc warriors
  An ice beast (D:7)
  5 black bears
  5 boggarts (D:14)
  2 sky beasts
  19 wolves
  2 necrophages
  7 centaurs
  8 ogres
  Blork the orc (D:6)
  A wyvern zombie (D:7)
  2 gnoll sergeants (D:10)
  6 bullfrogs
  2 scorpions
  A water moccasin zombie (D:5)
  4 wights
  4 howler monkeys
  4 electric eels
  4 centaur zombies
  A gnoll shaman (D:10)
  5 jellies
  A bullfrog skeleton (D:4)
  11 orc priests
  2 centaur skeletons
  4 hounds
  Terence (D:3)
  25 orc wizards
  2 hell rats (Lair:6)
  A killer bee zombie (D:8)
  3 howler monkey zombies
  14 gnolls
  6 adders
  2 shadow imps
  2 white imps
  An ufetubus (D:7)
  2 adder skeletons
  2 worms (D:2)
  A dart slug (D:3)
  66 orcs
  4 ball pythons
  3 bats
  9 endoplasms
  2 giant cockroaches
  A goblin (D:2)
  5 hobgoblins
  8 jackals
  2 quokkas
  3 frilled lizards
  6 kobolds
  3 rats
  A butterfly (Lair:6)
822 creatures vanquished.

Vanquished Creatures (collateral kills)
  2 orc knights (Orc:2)
  3 orc sorcerers (Orc:2)
  A demonic crawler (Spider:1)
  An orc warrior (Orc:2)
  An orc priest (Orc:2)
8 creatures vanquished.

Vanquished Creatures (others)
  An orb spider (Spider:3)
  2 dream sheep (Lair:6)
  A tarantella (Spider:3)
  A redback (Spider:4)
  An orc priest (Orc:2)
  An orc wizard (D:7)
  39 fungi
  67 plants
  3 withered plants (D:15)
116 creatures vanquished.

Grand Total: 946 creatures vanquished

Notes
Turn   | Place    | Note
-------+----------+-------------------------------------------
     0 | D:1      | leviel the Minotaur Berserker began the quest for the Orb.
     0 | D:1      | Reached XP level 1. HP: 19/19 MP: 0/0
   321 | D:1      | Found a faded altar of an unknown god.
   468 | D:1      | Reached XP level 2. HP: 22/27 MP: 1/1
   714 | D:1      | You fall into a shaft and drop 1 floor!
   723 | D:2      | Reached XP level 3. HP: 31/33 MP: 2/2
  1433 | D:3      | Found Lurer's Assorted Antiques.
  1475 | D:3      | Found Giningump's General Store.
  1485 | D:3      | Bought a potion of might for 56 gold pieces
  1522 | D:3      | Noticed Terence
  1535 | D:3      | Killed Terence
  1536 | D:3      | Reached skill level 5 in Axes
  1536 | D:3      | Reached XP level 4. HP: 19/41 MP: 3/3
  1783 | D:3      | Found Oddemil's Assorted Antiques.
  1873 | D:3      | Found a sacrificial altar of Ru.
  1965 | D:3      | Found Kelop's Book Shop.
  2177 | D:3      | Found Nudde's Weapon Shoppe.
  2185 | D:3      | Bought a +0 broad axe for 44 gold pieces
  2473 | D:4      | Reached XP level 5. HP: 46/47 MP: 4/4
  2606 | D:4      | Reached ** piety under Trog
  2685 | D:4      | Found a staircase to the Ecumenical Temple.
  2685 | D:4      | Noticed a necrophage
  2690 | D:4      | Killed a necrophage
  2691 | D:4      | Reached skill level 3 in Dodging
  2691 | D:4      | Reached skill level 1 in Evocations
  2691 | D:4      | Reached XP level 6. HP: 55/55 MP: 5/5
  2886 | D:4      | Identified the +9 dagger of Dullness {freeze, *Slow rElec
                  | rN++ MP-9 SInv}
  3642 | D:5      | Entered Level 5 of the Dungeon
  3748 | D:5      | Reached skill level 5 in Fighting
  4155 | D:5      | Reached XP level 7. HP: 54/61 MP: 6/6
  5423 | D:6      | Noticed Blork the orc
  5430 | D:6      | Killed Blork the orc
  5431 | D:6      | Reached XP level 8. HP: 58/70 MP: 7/7
  5709 | D:7      | Reached *** piety under Trog
  5840 | D:7      | Reached skill level 5 in Armour
  6052 | D:7      | Reached skill level 10 in Axes
  6597 | D:7      | Reached skill level 4 in Dodging
  6977 | D:8      | Reached XP level 9. HP: 63/78 MP: 8/8
  7112 | D:8      | Noticed Harold
  7127 | D:8      | Killed Harold
  7128 | D:8      | Reached skill level 5 in Dodging
  7442 | D:8      | Reached **** piety under Trog
  7622 | D:8      | Found a staircase to the Lair.
  7820 | D:8      | Identified 2 scrolls of acquirement
  7820 | D:8      | Acquired the amulet of Fatigue {Contam Rampage Regen+ Int-2
                  | Stlth+}
  7821 | D:8      | Acquired a manual of Fighting
  7969 | Lair:1   | Entered Level 1 of the Lair of Beasts
  7978 | Lair:1   | Noticed a cane toad
  7983 | Lair:1   | Killed a cane toad
  8205 | Lair:1   | Reached skill level 6 in Dodging
  8205 | Lair:1   | Reached XP level 10. HP: 89/89 MP: 9/9
  9159 | Lair:2   | Noticed a cane toad
  9176 | Lair:1   | Killed a cane toad
  9828 | Lair:2   | Reached skill level 10 in Fighting
  9828 | Lair:2   | Reached skill level 7 in Dodging
 10340 | D:3      | Bought a scroll of enchant armour for 105 gold pieces
 10712 | Lair:2   | Reached skill level 1 in Shields
 10782 | Lair:2   | Noticed a cane toad
 10782 | Lair:2   | Noticed a torpor snail
 10789 | Lair:2   | Killed a cane toad
 10858 | Lair:2   | Killed a torpor snail
 10859 | Lair:2   | Reached XP level 11. HP: 49/101 MP: 10/10
 11517 | Lair:2   | Identified the +7 war axe of Dytaada {vorpal, Fly Str+4}
 11700 | Lair:3   | Found a transporter.
 11703 | Lair:3   | Noticed a swamp dragon
 11704 | Lair:3   | Noticed a swamp dragon
 11704 | Lair:3   | Noticed a swamp dragon
 11738 | Lair:3   | Reached skill level 8 in Dodging
 11835 | Lair:3   | Found a transporter.
 12085 | Lair:3   | Reached skill level 10 in Armour
 12094 | Lair:3   | Reached skill level 9 in Dodging
 12148 | Lair:3   | Reached XP level 12. HP: 109/115 MP: 11/11
 12170 | Lair:3   | Found a hole to the Spider Nest.
 13082 | Lair:4   | Found a hazy altar of Hepliaklqana.
 13197 | Lair:4   | Identified the +7 morningstar of Thoughtfulness {venom,
                  | rElec Will++}
 13454 | Lair:4   | Noticed a six-headed hydra
 13455 | Lair:4   | Found a staircase to the Swamp.
 13715 | D:3      | Bought a scroll of enchant weapon for 142 gold pieces
 13999 | Lair:4   | Reached skill level 10 in Dodging
 14179 | Lair:4   | Killed a three-headed hydra
 14180 | Lair:4   | Reached skill level 15 in Axes
 14965 | Lair:5   | Noticed Sonja
 14974 | Lair:5   | Cast into level 1 of the Abyss (Sonja)
 15009 | Abyss:1  | Noticed an ophan
 15031 | Abyss:1  | Killed an ophan
 15035 | Abyss:1  | Found a corrupted altar of Lugonu.
 15084 | Abyss:1  | Reached skill level 15 in Fighting
 15113 | Abyss:1  | Reached ***** piety under Trog
 15197 | Abyss:1  | Noticed a cyan very ugly thing
 15201 | Abyss:1  | Reached XP level 13. HP: 114/127 MP: 12/12
 15209 | Abyss:1  | Killed a cyan very ugly thing
 15300 | Abyss:1  | Killed a lorocyproca
 15301 | Abyss:1  | Reached skill level 11 in Dodging
 15461 | Lair:5   | Escaped the Abyss
 15466 | Lair:5   | Killed Sonja
 15657 | Lair:6   | Entered Level 6 of the Lair of Beasts
 16053 | Lair:6   | Found a staircase to the Slime Pits.
 16154 | Lair:6   | Found a snail-covered altar of Cheibriados.
 16382 | Lair:6   | Reached skill level 12 in Dodging
 16384 | Lair:6   | Received a gift from Trog
 16557 | Lair:6   | Reached XP level 14. HP: 138/138 MP: 13/13
 17294 | D:9      | Found a radiant altar of Vehumet.
 17296 | D:9      | Found a hide-covered altar of Uskayaw.
 17403 | D:9      | Found a bloodstained altar of Trog.
 17470 | D:10     | Entered Level 10 of the Dungeon
 17488 | D:10     | Found Ajuej's Assorted Antiques.
 17567 | D:10     | Found a staircase to the Orcish Mines.
 17915 | D:10     | Found Qaraip's Distillery.
 17923 | D:10     | Bought a potion of curing for 45 gold pieces
 17923 | D:10     | Bought a potion of heal wounds for 75 gold pieces
 17981 | D:10     | Received a gift from Trog
 18206 | D:10     | Found Qyuhaum's Distillery.
 18216 | D:10     | Bought a potion of haste for 130 gold pieces
 18216 | D:10     | Bought a potion of cancellation for 104 gold pieces
 18216 | D:10     | Bought a potion of berserk rage for 65 gold pieces
 18216 | D:10     | Bought a potion of haste for 130 gold pieces
 18216 | D:10     | Bought a potion of curing for 39 gold pieces
 18216 | D:10     | Bought a potion of haste for 130 gold pieces
 19356 | Orc:1    | Entered Level 1 of the Orcish Mines
 19369 | Orc:1    | Noticed Urug
 19379 | Orc:1    | Killed Urug
 19845 | Orc:1    | Noticed Snorg
 19854 | Orc:1    | Killed Snorg
 19961 | Orc:2    | Entered Level 2 of the Orcish Mines
 19961 | Orc:2    | Found a staircase to the Elven Halls.
 20004 | Orc:2    | Reached ****** piety under Trog
 20004 | Orc:2    | Received a gift from Trog
 20064 | Orc:2    | Reached skill level 13 in Dodging
 20150 | Orc:2    | Found Reit's Weapon Emporium.
 20150 | Orc:2    | Found Puqiokid's Assorted Antiques.
 20152 | Orc:2    | Found Viclej's Jewellery Emporium.
 20152 | Orc:2    | Found Iberch's Weapon Shop.
 20164 | Orc:2    | Bought 2 potions of heal wounds for 280 gold pieces
 21393 | D:12     | Reached skill level 14 in Dodging
 22296 | D:13     | Paralysed by something for 7 turns
 22451 | D:13     | Found a gate to the Vaults.
 22521 | D:13     | Reached XP level 15. HP: 83/145 MP: 14/14
 23112 | D:13     | Reached skill level 15 in Dodging
 23193 | D:13     | Acquired 641 gold pieces
 23194 | D:13     | Acquired 352 gold pieces
 23513 | D:14     | Received a gift from Trog
 24194 | D:14     | Found a runed translucent door.
 24389 | D:14     | Found a shimmering altar of Xom.
 24389 | D:14     | Noticed Sobieck's ghost (journeyman DDBe)
 24437 | D:15     | Entered Level 15 of the Dungeon
 24617 | D:15     | Found a staircase to the Depths.
 24706 | D:15     | Reached skill level 16 in Dodging
 25603 | Spider:1 | Entered Level 1 of the Spider Nest
 25631 | Spider:1 | Identified the +9 hand axe "Ysych" {antimagic, Stlth+}
                  | (Trog gifted it to you on level 1 of the Spider Nest)
 25631 | Spider:1 | Received a gift from Trog
 26088 | Lair:3   | Reached skill level 17 in Dodging
 27454 | Spider:2 | Noticed Arachne
 27456 | Spider:2 | Identified the +1 kite shield of Joy {+Blink rElec Int-2
                  | SInv}
 27456 | Spider:2 | Noticed Donald
 27502 | Spider:1 | Killed Arachne
 27569 | Spider:1 | Killed Donald
 27570 | Spider:1 | Received a gift from Trog
 27635 | Spider:2 | Reached skill level 18 in Dodging
 28084 | Spider:2 | Reached XP level 16. HP: 148/152 MP: 15/15
 28167 | Spider:2 | Found the +2 ratskin cloak {*Rats rPois rN+ Str-1 Int-1
                  | Dex+1}
 28455 | Spider:3 | Reached skill level 19 in Dodging
 28701 | Spider:3 | Noticed Azrael
 28705 | Spider:3 | Received a gift from Trog
 28722 | Spider:3 | Killed Azrael
 29215 | Spider:3 | Reached skill level 5 in Shields
 29943 | Spider:4 | Entered Level 4 of the Spider Nest
 30094 | Spider:4 | Received a gift from Trog
 30168 | Spider:4 | Paralysed by a hornet for 3 turns
 30514 | Spider:4 | Reached skill level 10 in Shields
 30922 | Spider:4 | Got a gossamer rune of Zot
 31570 | Lair:6   | Reached XP level 17. HP: 141/160 MP: 16/16
 31837 | Orc:2    | Bought a ring of resist corrosion for 260 gold pieces
 32125 | Slime:1  | Entered Level 1 of the Pits of Slime
 32126 | Slime:1  | Noticed an acid blob
 32143 | Slime:1  | Killed an acid blob
 32157 | Slime:1  | HP: 5/160 [quicksilver ooze (18)]
 32160 | Slime:1  | Drowned by a quicksilver ooze

Illustrated notes

Levels and vault maps discovered:
D:1:      wheals_arrival_shading, layout_loops_ring,
          ebering_ecumenical_altar_abandoned
D:2:      layout_rooms
D:3:      layout_basic, nicolae_ru_the_path_less_chosen, serial_shops, shop,
          nicolae_shop_overgrown_old_shop, shop_statue, shop_fountains,
          nicolae_shop_stone, nicolae_underground_beach, uniq_terence
D:4:      layout_basic, minmay_temple_entry_wispy, st_stairs_13
D:5:      layout_basic, chequers_serial_rivers_marsh, minmay_misc_feat_rows
D:6:      layout_loops_ring, minmay_small_thing, uniq_blork_the_orc
D:7:      layout_basic, minmay_starry_boxes
D:8:      layout_rooms, lair_entry_dummy, uniq_harold
D:9:      layout_basic, nicolae_overflow_hidden_temple, minmay_strange_pillars,
          minmay_misc_feat_four_crosses, uniq_joseph
D:10:     minmay_s_stair_smasher, layout_basic, david_orc_2, serial_shops,
          kennysheep_mini_moat, nicolae_shop_crystal, shop
D:11:     layout_loops_corners
D:12:     layout_loops_ring
D:13:     layout_basic, grunt_vaults_entry_fortified
D:14:     layout_rooms, ebering_ghost_xom, minivault_19,
          chequers_serial_rivers_large_b
D:15:     gammafunk_depths_entry_grave, layout_grid_maze
Lair:1:   layout_gridlike
Lair:2:   kb_forest_paths, layout_long_grid
Lair:3:   gammafunk_cloud_chamber, layout_cave_pods, spider_nest_entry_webs,
          gauntlet_entry_generic, columned_hall_lemuel, bobbens_dragon_lair_wall
Lair:4:   layout_cave_pods, skrybe_swamp_entry_bodies, basic_altar,
          minmay_stone_trees_small, grunt_megastairs_2
Lair:5:   layout_regular_city, serial_bayou, serial_bayou_lagoon_b,
          serial_bayou_pond_e, serial_bayou_shore_a, serial_bayou_ford_a,
          uniq_sonja
Lair:6:   hangedman_lair_tendril_chambers, layout_loops_ring,
          nicolae_slime_entry_slimehenge, special_room
          [special_room_mythical_zoo], kennysheep_snail_temple,
          lemuel_fruit_fields
Spider:1: layout_spider_delve
Spider:2: nicolae_spider_mines_1, uniq_arachne, uniq_donald
Spider:3: layout_chambers, uniq_azrael
Spider:4: grunt_spider_rune_parallel, guppyfry_hornet_nest
Slime:1:  cheibrodos_slime_lost_civilization_1, layout_caves,
          cheibrodos_slime_lost_civilization_5
Orc:1:    layout_caves, uniq_urug, uniq_snorg
Orc:2:    grunt_orc_tribal_feast, layout_diamond_mine

Skill      XL: |  1  2  3  4  5  6  7  8  9 10 11 12 13 14 15 16 |
---------------+-------------------------------------------------+-----
Axes           | 4 5 6 7 9 10 12 13 14 15 16 18 | 18.0
Fighting       | 4 5 6 8 10 13 15 16 | 16.6
Armour         | 3 4 5 7 8 10 12 13 | 13.3
Dodging        | 3 4 6 7 9 10 12 14 18 19 | 19.6
Evocations     | 1 2 3 |  3.4
Shields        | 3 4 12 | 12.4

Action                   |  1- 3 |  4- 6 |  7- 9 | 10-12 | 13-15 | 16-18 || total
-------------------------+-------+-------+-------+-------+-------+-------++-------
Melee: Hand axe          |    72 |    15 |       |       |       |       ||    87
       Headbutt          |     9 |    11 |    30 |    77 |   263 |   121 ||   511
       Broad axe         |       |    80 |   155 |   124 |       |       ||   359
       War axe           |       |       |       |   196 |   956 |   412 ||  1564
       Dagger            |       |       |       |       |    10 |       ||    10
       Battleaxe         |       |       |       |       |     8 |       ||     8
Throw: Dart              |       |       |       |     3 |     2 |       ||     5
Invok: Berserk           |     1 |       |     5 |     2 |     4 |       ||    12
       Trog's Hand       |       |       |     2 |     3 |     5 |     3 ||    13
       Brothers in Arms  |       |       |       |       |     4 |       ||     4
Evoke: Wand              |       |       |       |       |     1 |     1 ||     2
       Box of beasts     |       |       |       |       |     1 |       ||     1
  Use: Scroll            |     9 |     3 |     7 |    11 |    11 |     1 ||    42
       Potion            |       |       |     2 |     1 |     7 |    14 ||    24
 Stab: Sleeping          |       |       |       |     2 |       |       ||     2
       Distracted        |       |       |       |     2 |     1 |       ||     3
       Held in net/web   |       |       |       |       |       |     1 ||     1
Armor: Leather armour    |     9 |       |       |       |       |       ||     9
       Ring mail         |     2 |    37 |    68 |    54 |       |       ||   161
       Plate armour      |       |       |       |    57 |   451 |   282 ||   790
Dodge: Dodged            |    28 |    63 |   116 |   172 |   470 |   280 ||  1129
Block: Buckler           |       |       |       |    51 |    62 |       ||   113
       Kite shield       |       |       |       |       |    83 |   295 ||   378

Table legend: (Time is in decaauts)
 A = Elapsed time spent in this place.
 B = Non-inter-level travel time spent in this place.
 C = Inter-level travel time spent in this place.
 D = Time resting spent in this place.
 E = Time spent auto-exploring this place.
 F = Levels seen in this place.
 G = Mean time per level.
                   A        B        C        D        E       F      G
               +--------+--------+--------+--------+--------+-----+--------+
         Total |  32039 |  28414 |   3625 |   6026 |  18052 |  29 | 1104.8 |
       Dungeon |  15836 |  14209 |   1627 |   2619 |   9978 |  15 | 1055.7 |
          Lair |   9319 |   7861 |   1458 |   2417 |   4442 |   6 | 1553.2 |
   Spider Nest |   4706 |   4545 |    161 |    853 |   2512 |   4 | 1176.5 |
    Slime Pits |     32 |     32 |      0 |      0 |      0 |   1 |   32.0 |
  Orcish Mines |   1654 |   1275 |    379 |     43 |    984 |   2 |  827.0 |
         Abyss |    491 |    491 |      0 |     93 |    136 |   1 |  491.0 |
               +--------+--------+--------+--------+--------+-----+--------+

Top non-repeatable levels by time:
  Lair:3: 2297 daAuts
  Lair:2: 2157 daAuts
    D:13: 1835 daAuts
  Lair:1: 1710 daAuts
Spider:3: 1634 daAuts
Spider:4: 1420 daAuts
     D:7: 1338 daAuts
     D:6: 1313 daAuts
     D:4: 1296 daAuts
     D:8: 1240 daAuts
  Lair:6: 1188 daAuts
     D:3: 1164 daAuts
  Lair:4: 1124 daAuts
    D:10: 1117 daAuts
    D:11: 1098 daAuts
